Construct Section Command Post
Construct Platoon Command Post
Construct Platoon Command Post
Construct Company Command Post
Selects Canadian Shock Battlegroup
Selects Canadian Shock Battlegroup
Selects Incendiary Munitions
6-pounder Anti-tank Gun Team
Construct Field Infirmary
6-pounder Anti-tank Gun Team
Selects Churchill Crocodile Heavy Tank
6-pounder Anti-tank Gun Team
Selects Offensive Resupply
Selects Canadian Shock Section
Churchill Crocodile Heavy Tank
Unlock Towed 17-pounder Anti-tank Guns
17-pounder Anti-tank Gun Team
17-pounder Anti-tank Gun Team